 Dungeon Crawl Stone Soup version 0.22.1-1-ga44c0e5 (webtiles) character file.

121 dvd the Magician (level 4, -7/24 HPs)
             Began as a Deep Elf Air Elementalist on Oct 14, 2018.
             Mangled by a centaur (10 damage)
             ... on level 3 of the Dungeon.
             The game lasted 00:06:30 (2561 turns).

dvd the Magician (Deep Elf Air Elementalist)        Turns: 2561, Time: 00:06:31

Health: -7/24      AC:  2    Str:  5    XL:     4   Next: 76%
Magic:  3/12       EV: 13    Int: 21    God:
Gold:   51         SH:  0    Dex: 15    Spells: 7/11 levels left

rFire    . . .     SeeInvis .   h - +1 dagger (venom)
rCold    . . .     Gourm    .   (no shield)
rNeg     . . .     Faith    .   a - +0 robe
rPois    .         Spirit   .   (no helmet)
rElec    .         Reflect  .   (no cloak)
rCorr    .         Harm     .   (no gloves)
MR       .....                  (no boots)
Stlth    +++.......             (no amulet)
HPRegen  0.08/turn              b - ring of stealth
MPRegen  0.13/turn              (no ring)

@: very slightly contaminated
A: no striking features
a: no special abilities


You were on level 3 of the Dungeon.
You were not hungry.

You visited 1 branch of the dungeon, and saw 3 of its levels.

You collected 51 gold pieces.

Inventory:

Hand Weapons
 h - a +1 dagger of venom (weapon)
Armour
 a - a +0 robe (worn)
Jewellery
 b - a ring of stealth (left hand)
Scrolls
 d - a scroll of magic mapping {unknown}
 e - a scroll of noise {unknown}
 g - a scroll of enchant armour {unknown}
 j - a scroll of remove curse {unknown}
 l - 2 scrolls of identify {unknown}
Potions
 i - a potion of flight {unknown}
 k - a potion of degeneration {unknown}
Comestibles
 c - 2 rations


   Skills:
 + Level 0.1 Short Blades
 + Level 2.7 Dodging
 + Level 3.0 Stealth
 + Level 4.3 Spellcasting
 + Level 2.6 Conjurations
 + Level 4.0 Air Magic


You had 7 spell levels left.
You knew the following spells:

 Your Spells              Type           Power        Failure   Level  Hunger
a - Shock                 Conj/Air       ###.         3%          1    None
b - Static Discharge      Conj/Air       ###.....     9%          3    ##.....

Your spell library contained the following spells:

 Spells                   Type           Power        Failure   Level  Hunger
 Swiftness                Chrm/Air       ##......     8%          2    #......
 Airstrike                Air            ###.......   22%         4    ####...
 Lightning Bolt           Conj/Air       ###.......   63%         5    ######.


Dungeon Overview and Level Annotations

Branches:
Dungeon (3/15)

Altars:
Makhleb
Xom


Message History

Unknown command.
Casting: Static Discharge (safe; 9% risk of failure)
Confirm with . or Enter, or press ? or * to list all spells.
The centaur is struck by lightning.
The centaur is moderately wounded.
The lightning arcs!
You are struck by lightning.
The lightning grounds out.
The centaur hits you. The centaur barely misses you.
Unknown command.
Casting: Static Discharge (safe; 9% risk of failure)
Confirm with . or Enter, or press ? or * to list all spells.
The centaur is struck by lightning.
The centaur is heavily wounded.
The lightning arcs!
You are struck by lightning.
* * * LOW HITPOINT WARNING * * *
The lightning grounds out.
The centaur hits you.
* * * LOW HITPOINT WARNING * * *
You hit the centaur.
The centaur looks as sick as possible!
The centaur is severely wounded.
The centaur hits you!
You die...

#..............%..
#....... #......#
##....(.###..####
#........#<<.†..#
.####........#......#
.............#.÷....###.
###.....<..............
.?......(..#.........###
.......@#####.†.........
.......c# #...†.......
..#...... ##..<...#..#
#.###..##.........#.. #.
##.#.............. .
.#.........#w...
.>.......... ...
..........c## ..
........... .


You could see a centaur.

Vanquished Creatures
  2 adders (D:3)
  2 oozes
  4 worms
  2 dart slugs
  3 leopard geckos
  An orc (D:2)
  A ball python (D:1)
  3 giant cockroaches
  9 goblins
  9 hobgoblins
  12 jackals
  7 bats
  4 frilled lizards
  2 kobolds
  9 rats
70 creatures vanquished.

Notes
Turn   | Place    | Note
-------+----------+-------------------------------------------
     0 | D:1      | dvd the Deep Elf Air Elementalist began the quest for the
                  | Orb.
     0 | D:1      | Reached XP level 1. HP: 10/10 MP: 6/6
   176 | D:1      | Reached XP level 2. HP: 15/15 MP: 2/8
   517 | D:1      | Reached XP level 3. HP: 19/19 MP: 5/9
   523 | D:1      | Learned a level 3 spell: Static Discharge
  1530 | D:2      | Found a faded altar of an unknown god.
  1775 | D:2      | Reached XP level 4. HP: 24/24 MP: 6/12
  1778 | D:2      | Found a burning altar of Makhleb.
  1778 | D:2      | Found a shimmering altar of Xom.
  2213 | D:3      | Noticed a centaur
  2561 | D:3      | Mangled by a centaur

Skill      XL: |  1  2  3  4 |
---------------+-------------+-----
Spellcasting   | 4 |  4.3
Conjurations   | 2 |  2.6
Air Magic      | 4 |  4.0
Stealth        | 3 |  3.0
Short Blades   | |  0.1
Dodging        | |  2.7

Action                   |  1- 3 |  4- 6 || total
-------------------------+-------+-------++-------
Melee: Dagger            |     2 |     9 ||    11
 Cast: Shock             |    95 |    29 ||   124
       Static Discharge  |     1 |     7 ||     8
  Use: Potion            |       |     1 ||     1
 Stab: Sleeping          |       |     3 ||     3
  Eat: Chunk             |     2 |     3 ||     5
Armor: Robe              |     4 |     3 ||     7
Dodge: Dodged            |    11 |    18 ||    29
